 Dungeon Crawl Stone Soup version 0.30-a0-719-gcc4359ea44 (webtiles) character file.

Game seed: 3688127354236567769

10000 Dittersdorf the Protected (level 11, -5/73 HPs)
             Began as a Gargoyle Fighter on Jan 26, 2023.
             Was a High Priest of Okawaru.
             Slain by a two-headed ogre
             ... wielding a +0 giant spiked club
              (17 damage)
             ... on level 10 of the Dungeon.
             The game lasted 00:15:31 (9771 turns).

Dittersdorf the Protected (Gargoyle Fighter)        Turns: 9771, Time: 00:15:31

Health: -5/73      AC: 33    Str: 31    XL:     11   Next: 55%
Magic:  11/11      EV: 10    Int:  8    God:    Okawaru [*****.]
Gold:   657        SH: 11    Dex:  9    Spells: 10/10 levels left

rFire   . . .      SeeInvis .    a - +1 flail (protect)
rCold   . . .      Faith    .    c - +0 buckler
rNeg    + . .      Spirit   .    C - +3 ring mail {Will+}
rPois   ∞          Reflect  +    m - +1 helmet
rElec   +          Harm     .    A - +0 cloak
rCorr   .          Rampage  .    (no gloves)
Will    +....                    (no boots) Stlth
                                 g - amulet of reflection
HPRegen 0.32/turn                D - +6 ring of strength
MPRegen 0.12/turn                r - +4 ring of protection

@: under a protective aura, studying Long Blades
A: sickness immunity, AC +8, negative energy resistance 1, electricity
resistance, torment resistance 1, petrification resistance
a: Renounce Religion, Heroism, Finesse, Duel


You were on level 10 of the Dungeon.
You worshipped Okawaru.
Okawaru was extremely pleased with you.
You visited 1 branch of the dungeon, and saw 10 of its levels.
You also visited: Sewer.

You collected 657 gold pieces.

Inventory:

Hand Weapons
 a - a +1 flail of protection (weapon)
 y - a +0 morningstar
Missiles
 o - 8 poisoned darts (quivered)
 B - 3 throwing nets
Armour
 c - a +0 buckler (worn)
 m - a +1 helmet (worn)
 A - a +0 cloak (worn)
 C - a +3 ring mail of willpower (worn)
Jewellery
 g - an amulet of reflection (around neck)
 l - a ring of willpower
 r - a +4 ring of protection (right hand)
 D - a +6 ring of strength (left hand)
Wands
 q - a wand of roots (9)
 z - a wand of flame (4)
Scrolls
 e - 5 scrolls of teleportation
 h - 2 scrolls of fear
 i - a scroll of enchant armour
 k - 3 scrolls of blinking
 n - 5 scrolls of poison
 t - 2 scrolls of enchant weapon
 w - a scroll of magic mapping
Potions
 b - 5 potions of curing
 d - 2 potions of might
 f - 5 potions of cancellation
 j - 8 potions of flight
 p - 2 potions of heal wounds
 s - a potion of resistance
 u - a potion of haste
 v - a potion of ambrosia
 x - 2 potions of brilliance
 E - a potion of mutation {unknown}
 F - 2 potions of attraction {unknown}


   Skills:
 + Level 10.4 Fighting
 + Level 9.3 Maces & Flails
 + Level 10.4 Armour
 + Level 10.3 Shields


You had 10 spell levels left.
You didn't know any spells.
Your spell library contained the following spells:

 Spells                   Type           Power      Damage    Failure   Level
 Wereblood                Tmut           0%         N/A       71%         2
 Ignite Poison            Fire/Tmut/Pois 0%         N/A       91%         3
 Kindle Blastsparks       Fire/Tloc/Air  0%         2d10      91%         3
 Dispel Undead            Necr           0%         3d6       100%        4
 Freezing Cloud           Conj/Ice/Air   0%         6-21      100%        5
 Cigotuvi's Dreadful Rot  Necr/Pois/Air  Unusable   N/A       N/A         2
 Sublimation of Blood     Necr           Unusable   N/A       N/A         2
 Death Channel            Necr           Unusable   N/A       N/A         6
 Summon Hydra             Summ           Unusable   N/A       N/A         7

Dungeon Overview and Level Annotations

Branches:
Dungeon (10/15)            Temple (0/1) D:5            Lair (0/5) D:8
  Sewer (visited)
    Orc: D:9-12

Altars:
Ashenzari
Cheibriados
Fedhas
Makhleb
Nemelex Xobeh
Okawaru
Qazlal
Vehumet
Xom
Yredelemnul
Zin

Shops:
D:1 (   D:7 *


Innate Abilities, Weirdness & Mutations

You are immune to sickness and miasma.
Your stone body is resilient. (AC +8)
You are immune to poison.
You resist negative energy. (rN+)
You are resistant to electric shocks. (rElec)
You are resistant to unholy torment.
You are immune to petrification.


Message History

Aim: a two-headed ogre, wielding a +0 giant spiked club and a +0 giant club (poisoned, 75% to hit)
You throw a poisoned dart.
The poisoned dart hits the two-headed ogre.
The two-headed ogre looks even sicker.
You block the two-headed ogre's attack. The two-headed ogre misses you.
Throw: 9 darts (poison)
Press: ? - help, Q - select action, (/) - cycle Shift-Dir - straight line, f/p - two-headed ogre
Aim: a two-headed ogre, wielding a +0 giant spiked club and a +0 giant club (very poisoned, 75% to hit)
You throw a poisoned dart.
The poisoned dart hits the two-headed ogre.
The two-headed ogre looks even sicker.
You hit the two-headed ogre.
Your weapon exudes an aura of protection.
The two-headed ogre is lightly wounded.
You block the two-headed ogre's attack.
The two-headed ogre hits you with a +0 giant club!
You hit the two-headed ogre.
The two-headed ogre is lightly wounded.
You block the two-headed ogre's attack. x2
You hit the two-headed ogre but do no damage.
The two-headed ogre is lightly wounded.
You sock the two-headed ogre!
The two-headed ogre is heavily wounded.
You block the two-headed ogre's attack. The two-headed ogre closely misses you.
You sock the two-headed ogre!
The two-headed ogre is severely wounded.
The two-headed ogre hits you with a +0 giant spiked club.
The two-headed ogre barely misses you.
You hit the two-headed ogre.
The two-headed ogre is severely wounded.
You hit the two-headed ogre but do no damage.
The two-headed ogre is severely wounded.
The two-headed ogre hits you with a +0 giant spiked club!
The two-headed ogre misses you.
You hit the two-headed ogre.
The two-headed ogre is severely wounded.
The two-headed ogre hits you with a +0 giant spiked club!!
* * * LOW HITPOINT WARNING * * *
The two-headed ogre hits you with a +0 giant club!
You die...

###'###
#........#
#......
#........##
+......
#.........
#......
#........#
#......
#........#
#>.....
#........#
#......
#^....O..#
#######
#@## #..#
##.# #.##
#..#
######'##
#.......# #
#.......# #
#.......#
#######


You could see a two-headed ogre (very poisoned).

Vanquished Creatures
  Harold (D:9)
  A dancing weapon (D:6)
  3 two-headed ogres
  The ghost of lotum the Skirmisher, a novice BaHu of Hepliaklqana (D:6)
  Maurice (D:9)
  A komodo dragon (D:8)
  A hornet (D:8)
  10 yaks (D:9)
  2 shadows
  A wyvern (D:7)
  An acid dragon (D:8)
  3 orc warriors (D:8)
  An ice beast (D:7)
  A sky beast (D:7)
  2 black bears
  4 ogres
  A centaur (D:8)
  A phantom (D:6)
  7 bullfrogs
  2 kobold brigands
  A scorpion (D:3)
  A gnoll sergeant (D:7)
  2 necrophages
  5 wights
  17 killer bees
  2 howler monkeys (D:8)
  2 hounds (D:6)
  3 jellies
  4 orc priests
  6 orc wizards
  5 iguanas
  A sickly merfolk siren (Sewer)
  A malarious merfolk avatar (Sewer)
  Terence (D:3)
  2 gnolls (D:8)
  3 adders
  4 river rats
  3 worms (D:2)
  3 dart slugs (D:2)
  27 orcs
  11 ball pythons
  12 bats
  6 endoplasms
  3 giant cockroaches
  8 goblins
  11 hobgoblins
  2 jackals (D:1)
  19 kobolds
  10 quokkas
  8 frilled lizards
  26 rats
254 creatures vanquished.

Vanquished Creatures (others)
  20 fungi (D:8)
  18 plants (D:8)
38 creatures vanquished.

Grand Total: 292 creatures vanquished

Notes
Turn   | Place    | Note
-------+----------+-------------------------------------------
     0 | D:1      | Dittersdorf the Gargoyle Fighter began the quest for the
                  | Orb.
     0 | D:1      | Reached XP level 1. HP: 14/14 MP: 1/1
    17 | D:1      | Noticed a minotaur skeleton
   101 | D:1      | Reached XP level 2. HP: 19/19 MP: 2/2
   204 | D:1      | Found Zoumukoy's Antique Weapon Shoppe.
   495 | D:1      | Reached XP level 3. HP: 23/23 MP: 3/3
  1367 | D:2      | Reached XP level 4. HP: 26/29 MP: 4/4
  1647 | D:3      | Found a glowing drain.
  1680 | Sewer    | Entered a sewer
  1780 | Sewer    | Reached XP level 5. HP: 14/33 MP: 5/5
  2183 | D:3      | Found a sparkling altar of Nemelex Xobeh.
  2686 | D:3      | Noticed Terence
  2701 | D:3      | Killed Terence
  2702 | D:3      | Reached XP level 6. HP: 12/39 MP: 6/6
  3278 | D:4      | Reached skill level 5 in Fighting
  3278 | D:4      | Reached skill level 5 in Armour
  3278 | D:4      | Reached skill level 5 in Shields
  3278 | D:4      | Reached XP level 7. HP: 4/44 MP: 7/7
  3442 | D:4      | Found a shimmering altar of Xom.
  3446 | D:4      | Found a glowing silver altar of Zin.
  3449 | D:4      | Found an iron altar of Okawaru.
  3449 | D:4      | Found a stormy altar of Qazlal.
  3454 | D:4      | Became a worshipper of Warmaster Okawaru
  3458 | D:4      | Found a burning altar of Makhleb.
  3574 | D:4      | Found a blossoming altar of Fedhas.
  3714 | D:5      | Entered Level 5 of the Dungeon
  3720 | D:5      | Found a staircase to the Ecumenical Temple.
  3877 | D:5      | Found a radiant altar of Vehumet.
  4168 | D:5      | Reached * piety under Okawaru
  4169 | D:5      | Reached XP level 8. HP: 32/51 MP: 8/8
  4345 | D:5      | Reached skill level 5 in Maces & Flails
  4757 | D:6      | Found a runed translucent door.
  4757 | D:6      | Found a shimmering altar of Xom.
  4757 | D:6      | Noticed lotum's ghost (novice BaHu)
  4764 | D:6      | Noticed a +0 falchion of chaos
  4792 | D:6      | Found a snail-covered altar of Cheibriados.
  5665 | D:6      | Killed a +0 falchion of chaos
  5665 | D:6      | Reached ** piety under Okawaru
  5666 | D:6      | Reached XP level 9. HP: 53/57 MP: 6/9
  5673 | D:6      | Killed lotum's ghost
  5931 | D:7      | Found Lipit's Neck Hole.
  6429 | D:8      | Reached *** piety under Okawaru
  6485 | D:8      | Noticed a two-headed ogre
  6497 | D:8      | Killed a two-headed ogre
  6498 | D:8      | Reached XP level 10. HP: 42/65 MP: 10/10
  6818 | D:8      | Received a gift from Okawaru
  6989 | D:8      | Found a staircase to the Lair.
  7384 | D:8      | Reached **** piety under Okawaru
  8408 | D:9      | Noticed Maurice
  8432 | D:9      | Killed Maurice
  8540 | D:9      | Reached XP level 11. HP: 58/71 MP: 11/11
  8576 | D:9      | Reached ***** piety under Okawaru
  8700 | D:9      | Noticed Harold
  8715 | D:9      | Killed Harold
  8716 | D:9      | Reached skill level 10 in Armour
  8995 | D:8      | Reached skill level 10 in Fighting
  9134 | D:9      | Noticed a two-headed ogre
  9145 | D:9      | Killed a two-headed ogre
  9146 | D:9      | Reached skill level 10 in Shields
  9164 | D:9      | Found a basalt altar of Yredelemnul.
  9389 | D:10     | Entered Level 10 of the Dungeon
  9518 | D:10     | Found a broken altar of Ashenzari.
  9597 | D:10     | Noticed a two-headed ogre
  9611 | D:10     | Killed a two-headed ogre
  9760 | D:10     | Noticed a two-headed ogre
  9771 | D:10     | Slain by a two-headed ogre

Illustrated notes

Levels and vault maps discovered:
D:1:      shiori_arrival_whats_in_store_for_you, layout_loops_ring,
          serial_shops, nicolae_shop_advertising_works
          [nicolae_subvault_shop_adworks], patterned_corridor
D:2:      layout_loops_ring
D:3:      layout_loops_ring, nemelex_diamond_rough_becter, portal_sewer_entry_a,
          corner_web_ring, uniq_terence
D:4:      layout_basic, kennysheep_mini_moat,
          nicolae_overflow_hallway_of_the_gods
D:5:      layout_basic, vehumet_crystals, minmay_temple_entry_purple_smoke,
          minmay_misc_feat_nine_boxes
D:6:      layout_layer_cave, overflow_temple_1_default, ebering_ghost_xom,
          serial_glass, glass_columns_a, glass_columns_a, glass_columns_c,
          glass_columns_b, glass_columns_b
D:7:      layout_rooms, roderic_batcave, nicolae_shop_sticking_my_neck_out
D:8:      layout_loops_ring, grunt_lair_entry_orc_guard_hut,
          grunt_decor_clamped, chequers_serial_rivers_large_b, sigmund_army
D:9:      layout_roguey, amcnicky_altar_gilded, chequers_serial_rivers_room_b,
          uniq_maurice, uniq_harold
D:10:     layout_roguey, cheibrodos_ashenzari_chains

Skill      XL: |  1  2  3  4  5  6  7  8  9 10 11 |
---------------+----------------------------------+-----
Armour         | 4 5 7 8 9 10 | 10.4
Shields        | 4 5 7 8 9 10 | 10.3
Fighting       | 4 5 7 8 9 10 | 10.4
Maces & Flails | 3 4 6 7 8 9 |  9.3

Action                     |  1- 3 |  4- 6 |  7- 9 | 10-12 || total
---------------------------+-------+-------+-------+-------++-------
  Melee: Flail             |   147 |   251 |   321 |   515 ||  1234
  Throw: Dart              |       |     3 |     6 |    25 ||    34
 Invoke: Heroism           |       |       |     1 |       ||     1
    Use: Scroll            |       |    12 |     7 |     1 ||    20
         Potion            |       |     1 |       |       ||     1
 Armour: Scale mail        |    39 |       |       |       ||    39
         Chain mail        |    44 |   182 |   251 |   255 ||   732
         Ring mail         |       |       |       |    33 ||    33
  Dodge: Dodged            |    68 |   109 |   126 |   179 ||   482
  Block: Buckler           |    32 |    67 |   115 |   309 ||   523
         Reflection        |       |       |       |     5 ||     5

Table legend: (Time is in decaauts)
 A = Elapsed time spent in this place.
 B = Non-inter-level travel time spent in this place.
 C = Inter-level travel time spent in this place.
 D = Time resting spent in this place.
 E = Time spent auto-exploring this place.
 F = Levels seen in this place.
 G = Mean time per level.
                   A        B        C        D        E       F      G
               +--------+--------+--------+--------+--------+-----+--------+
         Total |  10020 |   9755 |    265 |   1745 |   5503 |  11 |  910.9 |
       Dungeon |   9453 |   9188 |    265 |   1679 |   5280 |  10 |  945.3 |
         Sewer |    566 |    566 |      0 |     66 |    222 |   1 |  566.0 |
               +--------+--------+--------+--------+--------+-----+--------+

Top non-repeatable levels by time:
     D:8: 1933 daAuts
     D:9: 1137 daAuts
     D:6: 997 daAuts
     D:7: 944 daAuts
     D:3: 940 daAuts
     D:1: 920 daAuts
     D:5: 819 daAuts
     D:2: 765 daAuts
     D:4: 691 daAuts
   Sewer: 566 daAuts
    D:10: 304 daAuts
